 Dungeon Crawl Stone Soup version 0.22.0-25-g7663229ff0 (webtiles) character file.

3745 Kirk the Cleaver (level 9, -3/69 HPs)
             Began as a Demonspawn Gladiator on Aug 20, 2018.
             Slain by an orc warrior
             ... wielding a +0 short sword
              (14 damage)
             ... on level 6 of the Dungeon.
             The game lasted 00:13:15 (6762 turns).

Kirk the Cleaver (Demonspawn Gladiator)             Turns: 6762, Time: 00:13:16

Health: -3/69      AC:  5    Str: 18    XL:     9   Next: 93%
Magic:  9/9        EV: 13    Int:  9    God:
Gold:   115        SH:  0    Dex: 18    Spells: 8/8 levels left

rFire    + . .     SeeInvis .   u - +2 hand axe (flame)
rCold    . . .     Gourm    .   (no shield)
rNeg     . . .     Faith    .   b - +1 leather armour
rPois    .         Spirit   .   (helmet restricted)
rElec    .         Reflect  .   o - +0 cloak
rCorr    .         Harm     .   (no gloves)
MR       .....     Rnd*Tele +   (no boots)
Stlth    +.........             (no amulet)
HPRegen  0.21/turn              h - +3 ring of dexterity
MPRegen  0.11/turn              p - ring of teleportation

@: no status effects
A: antennae 1, claws 2, talons 2, fire resistance 1
a: no special abilities


You were on level 6 of the Dungeon.
You were not hungry.

You visited 2 branches of the dungeon, and saw 8 of its levels.

You collected 283 gold pieces.
You spent 168 gold pieces at shops.

Inventory:

Hand Weapons
 a - a +0 war axe of chopping
 u - a +2 hand axe of flaming (weapon)
Missiles
 d - 2 throwing nets
 g - 3 javelins (quivered)
 i - 42 poisoned needles
 m - 7 needles of frenzy
Armour
 b - a +1 leather armour (worn)
 c - a +0 helmet
 o - a +0 cloak (worn)
 q - a cursed +0 plate armour
 w - the +0 leather armour "Gusetet" {*Slow rC+ Dex+5}
   (You bought it in a shop on level 6 of the Dungeon)

   It affects your dexterity (+5).
   It protects you from cold.
   It may slow you when you take damage.
Jewellery
 h - a +3 ring of dexterity (left claw)
 p - a ring of teleportation (right claw)
Scrolls
 j - a scroll of magic mapping
 r - 2 scrolls of enchant armour
Potions
 l - 2 potions of flight
 n - a potion of brilliance
Comestibles
 f - 12 rations
 s - 4 chunks of flesh


   Skills:
 + Level 6.1 Fighting
 * Level 11.2 Axes
 - Level 1.7 Throwing
 + Level 4.5 Armour
 - Level 2.6 Dodging


You had 8 spell levels left.
You didn't know any spells.
Your spell library was empty.

Dungeon Overview and Level Annotations

Branches:
Dungeon (7/15)             Temple (1/1) D:4

Altars:
Fedhas
Hepliaklqana
Nemelex Xobeh
Xom

Shops:
D:4 %   D:6 [


Innate Abilities, Weirdness & Mutations

You have a pair of small antennae on your head.
You have very sharp fingernails.
You have razor-sharp toenails.
Your flesh is heat resistant. (rF+)


Message History

Aim: an orc warrior, wielding a short sword and wearing a chain mail The burst of metal fragments hits the orc warrior. x3
The orc warrior is heavily wounded.
The now-empty wand crumbles to dust.
The orc warrior hits you with a short sword!
You stop training Evocations.
You are too injured to fight recklessly!
You closely miss the orc warrior.
The orc warrior is heavily wounded.
You feel a little less agile now.
The orc warrior hits you with a short sword!
* * * LOW HITPOINT WARNING * * *
Unknown command.
You feel better.
The orc warrior hits you with a short sword!
* * * LOW HITPOINT WARNING * * *
Unknown command.
You feel better.
The orc warrior hits you with a short sword!
You die...

#...# #.#.#### #######
###########......# ......#
#...........####.#
#####.####.##############<#
....#...........#......##.#
....###......#.......#{##.#
....'.'......#.......#.##.#
....###......#..@....#.##.#
...#.........#...o...#.##.#
##.#.#.......#....p..####.#
#...#............[..# #.#
#####.#####.........# #.#
#.# ###.........# #.# #.#
#...........# #.# #.#
#.###.......# #.##### #.#
#.# #...[[..# #.....#


You could see an orc warrior and a neutral freed slave (wandering).

Vanquished Creatures
  Pikel (D:6)
  Sigmund (D:3)
  6 yaks (D:5)
  Duvessa (D:6)
  A phantom (D:4)
  4 ogres
  A bullfrog (D:7)
  Dowan (D:6)
  2 scorpions
  5 killer bees (D:7)
  4 wights (D:5)
  4 howler monkeys
  2 electric eels (D:6)
  A bullfrog zombie (D:7)
  A centaur skeleton (D:7)
  A hound (D:7)
  4 orc priests
  2 bullfrog skeletons
  A jelly (D:5)
  6 orc wizards
  3 iguanas
  Ijyb (D:3)
  Natasha (thrice) (D:3)
  A hound zombie (D:7)
  A hound skeleton (D:6)
  4 gnolls (D:5)
  8 adders
  A shadow imp (D:6)
  An adder skeleton (D:7)
  5 worms
  2 dart slugs (D:1)
  2 leopard geckos
  27 orcs
  A ball python (D:6)
  3 bats
  6 giant cockroaches
  8 hobgoblins
  10 jackals
  4 quokkas
  5 frilled lizards
  3 goblins (D:2)
  10 kobolds
  A quokka zombie (D:5)
  9 rats
168 creatures vanquished.

Vanquished Creatures (collateral kills)
  Menkaure (D:6)
1 creature vanquished.

Vanquished Creatures (others)
  A slave (D:6)
  A crimson imp (D:6)
2 creatures vanquished.

Grand Total: 171 creatures vanquished

Notes
Turn   | Place    | Note
-------+----------+-------------------------------------------
     0 | D:1      | Kirk the Demonspawn Gladiator began the quest for the Orb.
     0 | D:1      | Reached XP level 1. HP: 16/16 MP: 1/1
    88 | D:1      | Reached skill level 3 in Axes
   267 | D:1      | Gained mutation: You have sharp toenails. [demonic ancestry]
   267 | D:1      | Reached XP level 2. HP: 20/22 MP: 2/2
   622 | D:2      | Noticed Sigmund
   648 | D:2      | Gained mutation: Your flesh is heat resistant. (rF+) [demonic ancestry]
   648 | D:2      | Reached XP level 3. HP: 16/27 MP: 3/3
  1145 | D:2      | Reached skill level 4 in Axes
  1146 | D:2      | Gained mutation: You have a pair of small antennae on your head. [demonic ancestry]
  1146 | D:2      | Reached XP level 4. HP: 18/34 MP: 4/4
  1455 | D:2      | Reached skill level 1 in Armour
  2027 | D:3      | Killed Sigmund
  2027 | D:3      | Reached skill level 5 in Axes
  2027 | D:3      | Reached XP level 5. HP: 36/40 MP: 5/5
  2115 | D:3      | Gained mutation: You have sharp fingernails. [demonic ancestry]
  2115 | D:3      | Reached XP level 6. HP: 36/46 MP: 6/6
  2314 | D:3      | Noticed Natasha
  2323 | D:3      | Killed Natasha
  2341 | D:3      | Noticed Ijyb
  2351 | D:3      | Killed Ijyb
  2629 | D:3      | Noticed Natasha
  2634 | D:3      | Killed Natasha
  2668 | D:3      | Noticed Natasha
  2673 | D:3      | Killed Natasha
  3133 | D:4      | Reached skill level 6 in Axes
  3334 | D:4      | Reached XP level 7. HP: 32/52 MP: 7/7
  3588 | D:4      | Found a staircase to the Ecumenical Temple.
  3594 | Temple   | Entered the Ecumenical Temple
  4022 | D:4      | Found Dohaevumn's Food Shop.
  4157 | D:5      | Entered Level 5 of the Dungeon
  4198 | D:5      | Reached skill level 7 in Axes
  4250 | D:5      | Gained mutation: You have razor-sharp toenails. [demonic ancestry]
  4250 | D:5      | Reached XP level 8. HP: 52/60 MP: 8/8
  4442 | D:5      | Reached skill level 8 in Axes
  4797 | D:5      | Reached skill level 9 in Axes
  4805 | D:5      | Gained mutation: You have very sharp fingernails. [demonic ancestry]
  4805 | D:5      | Reached XP level 9. HP: 20/67 MP: 9/9
  4807 | D:5      | Reached skill level 5 in Fighting
  5334 | D:6      | Noticed Menkaure
  5341 | D:6      | Killed Menkaure
  5341 | D:6      | Reached skill level 10 in Axes
  5437 | D:6      | Noticed Pikel
  5461 | D:6      | Killed Pikel
  5907 | D:6      | Found Lekhlecs's Antique Armour Boutique.
  5919 | D:6      | Bought a heavily runed leather armour for 168 gold pieces
  5929 | D:6      | Identified the +0 leather armour "Gusetet" {*Slow rC+ Dex+5} (You bought it in a shop on level 6 of the Dungeon)
  5945 | D:6      | Noticed Dowan
  5945 | D:6      | Noticed Duvessa
  5950 | D:6      | Killed Duvessa
  5951 | D:6      | Killed Dowan
  6636 | D:7      | Found a sparkling altar of Nemelex Xobeh.
  6697 | D:7      | Reached skill level 11 in Axes
  6762 | D:6      | Slain by an orc warrior

Skill      XL: |  1  2  3  4  5  6  7  8  9 |
---------------+----------------------------+-----
Axes           | 3 4 5 6 7 9 11 | 11.2
Armour         | 1 2 3 4 |  4.5
Fighting       | 3 4 6 |  6.1
Throwing       | |  1.7
Dodging        | |  2.6

Action                   |  1- 3 |  4- 6 |  7- 9 || total
-------------------------+-------+-------+-------++-------
Melee: War axe           |    88 |   122 |       ||   210
       Kick              |    16 |    33 |    89 ||   138
       Hand axe          |       |    10 |   262 ||   272
Throw: Throwing net      |       |     2 |     1 ||     3
       Javelin           |       |       |     3 ||     3
Evoke: Wand              |       |       |     4 ||     4
  Use: Potion            |     4 |     1 |    11 ||    16
       Scroll            |       |     8 |     5 ||    13
 Stab: Held in net/web   |       |     1 |       ||     1
       Sleeping          |       |     2 |       ||     2
  Eat: Chunk             |     1 |     7 |    11 ||    19
Armor: Leather armour    |    39 |    29 |    28 ||    96
Dodge: Dodged            |    75 |    92 |   148 ||   315
